 Dungeon Crawl Stone Soup version 0.23.2-1-ga50397a6bc (webtiles) character file.

Game seed: 14810488469069690877

278 FluffierThanThou the Skirmisher (level 6, -1/57 HPs)
             Began as a Minotaur Fighter on May 16, 2019.
             Killed by nerve-wracking pain
             ... invoked by an orc priest
              (9 damage)
             ... on level 3 of the Dungeon.
             The game lasted 00:06:10 (2542 turns).

FluffierThanThou the Skirmisher (Minotaur Fighter)  Turns: 2542, Time: 00:06:11

Health: -1/57      AC:  7    Str: 23    XL:     6   Next: 5%
Magic:  5/5        EV:  7    Int:  5    God:
Gold:   61         SH: 10    Dex:  9    Spells: 5/5 levels left

rFire    + . .     SeeInvis .   a - +0 war axe
rCold    x . .     Gourm    .   c - +0 shield
rNeg     . . .     Faith    .   b - +0 scale mail
rPois    .         Spirit   .   (helmet restricted)
rElec    .         Reflect  .   (no cloak)
rCorr    .         Harm     .   (no gloves)
MR       .....                  (no boots)
Stlth    ..........             (no amulet)
HPRegen  0.19/turn              k - ring of fire
MPRegen  0.09/turn              (no ring)

@: no status effects
A: retaliatory headbutt, horns 2
a: no special abilities


You were on level 3 of the Dungeon.
You were near starving.

You visited 1 branch of the dungeon, and saw 3 of its levels.

You collected 61 gold pieces.

Inventory:

Hand Weapons
 a - a +0 war axe (weapon)
Armour
 b - a +0 scale mail (worn)
 c - a +0 shield (worn)
Jewellery
 k - a ring of fire (left hand)
Scrolls
 g - 3 scrolls of identify {unknown}
 l - a scroll of remove curse {unknown}
Potions
 d - a potion of might
 e - a potion of curing
 h - 2 potions of ambrosia {unknown}
 i - a potion of magic {unknown}
 j - a potion of lignification {unknown}
 m - a potion of berserk rage {unknown}
Comestibles
 f - 5 rations


   Skills:
 * Level 5.8 Fighting
 + Level 4.0 Axes
 + Level 4.9 Armour
 - Level 0.2 Dodging
 + Level 4.9 Shields


You had 5 spell levels left.
You didn't know any spells.
Your spell library was empty.

Dungeon Overview and Level Annotations

Branches:
Dungeon (3/15)

Altars:
Qazlal

Annotations:
D:1 exclusion: 2 downstairs
D:3 Grinder


Innate Abilities, Weirdness & Mutations

You reflexively headbutt those who attack you in melee.
You have a pair of horns on your head.


Message History

The orc hits you with a +0 flail.
You slash the orc priest!
The orc priest is heavily wounded.
You hit the orc.
You kill the orc!
The orc priest barely misses you.
You closely miss the orc priest.
The orc priest is moderately wounded.
The orc priest invokes the aid of Beogh against you.
Beogh smites you!
* * * LOW HITPOINT WARNING * * *
You barely miss the orc priest.
You headbutt the orc priest, but do no damage.
The orc priest is moderately wounded.
You barely miss the orc.
The orc wizard gestures wildly while chanting.
The orc wizard blinks!
The orc priest mumbles some strange prayers to Beogh against you.
Pain shoots through your body!
You die...

###########
#.........###
#...........
#........>###
#.....>...o@# #..
#.......[.#o#####.....
#.....<...#§o)oooo..%.
#.........#####.o.....
########### .......
..r...5 .......
....... #......


You could see an orc priest and 2 orcs.

Vanquished Creatures
  Sigmund (D:2)
  Robin (D:2)
  4 gnolls (D:2)
  An adder (D:2)
  A worm (D:2)
  3 orcs (D:3)
  8 bats
  2 giant cockroaches (D:1)
  11 goblins
  8 hobgoblins
  A quokka (D:3)
  3 ball pythons
  4 kobolds
  5 rats
53 creatures vanquished.

Vanquished Creatures (others)
  A goblin (D:3)
  A hobgoblin (D:3)
  A quokka (D:3)
3 creatures vanquished.

Grand Total: 56 creatures vanquished

Notes
Turn   | Place    | Note
-------+----------+-------------------------------------------
     0 | D:1      | FluffierThanThou the Minotaur Fighter began the quest for
                  | the Orb.
     0 | D:1      | Reached XP level 1. HP: 19/19 MP: 0/0
   125 | D:1      | Reached XP level 2. HP: 22/27 MP: 1/1
   199 | D:1      | Reached skill level 4 in Fighting
   620 | D:1      | Reached XP level 3. HP: 31/33 MP: 2/2
   708 | D:2      | Found a stormy altar of Qazlal.
   714 | D:2      | Noticed an air elemental
   715 | D:2      | Noticed a fire elemental
   715 | D:2      | Noticed a water elemental
   715 | D:2      | Noticed an earth elemental
   715 | D:2      | Noticed Sigmund
   960 | D:2      | Noticed Robin
   971 | D:2      | Killed Robin
   971 | D:2      | Reached XP level 4. HP: 22/41 MP: 3/3
  1943 | D:2      | Killed Sigmund
  1943 | D:2      | Reached skill level 5 in Fighting
  1943 | D:2      | Reached XP level 5. HP: 21/50 MP: 4/4
  1943 | D:2      | Reached XP level 6. HP: 24/57 MP: 5/5
  2519 | D:3      | Noticed Grinder
  2542 | D:3      | Killed from afar by an orc priest

Skill      XL: |  1  2  3  4 |
---------------+-------------+-----
Fighting       | 4 5 |  5.8
Armour         | 4 |  4.9
Shields        | 4 |  4.9
Axes           | 3 4 |  4.0
Dodging        | |  0.2

Action                   |  1- 3 |  4- 6 || total
-------------------------+-------+-------++-------
Melee: War axe           |    76 |    35 ||   111
       Headbutt          |    10 |     8 ||    18
  Use: Potion            |     1 |     3 ||     4
  Eat: Ration            |       |     1 ||     1
Armor: Scale mail        |    39 |     8 ||    47
       Skin              |       |     7 ||     7
Dodge: Dodged            |    23 |     9 ||    32
Block: Shield            |    39 |    16 ||    55
